 Dungeon Crawl Stone Soup version 0.27.1 (webtiles) character file.

Game seed: 15382426112885626025

202 Atelerd the Sneak (level 5, -2/31 HPs)
             Began as an Octopode Earth Elementalist on Sept 3, 2021.
             Slain by a gnoll (5 damage)
             ... on level 3 of the Dungeon.
             The game lasted 00:03:19 (3840 turns).

Atelerd the Sneak (Octopode Earth Elementalist)     Turns: 3840, Time: 00:03:20

Health: -2/31      AC:  1    Str:  8    XL:     5   Next: 80%
Magic:  4/9        EV: 13    Int: 18    God:
Gold:   128        SH:  0    Dex: 12    Spells: 9/10 levels left

rFire    . . .     SeeInvis .   t - +4 dagger (elec)
rCold    + . .     Faith    .   (no shield)
rNeg     . . .     Spirit   .   (helmet restricted)
rPois    .         Reflect  .   (no amulet)
rElec    .         Harm     .   l - ring of protection from cold
rCorr    .         Rampage  .   (no ring)
Will     .....                  (no ring)
Stlth    ++++......             (no ring)
HPRegen  0.10/turn              (no ring)
MPRegen  0.11/turn              (no ring)
                                (no ring)
                                (no ring)

@: studying Short Blades
A: almost no armour, amphibious, 8 rings, camouflage 1, gelatinous body 1,
(nimble swimmer 1), tentacles
a: no special abilities


You were on level 3 of the Dungeon.
You visited 1 branch of the dungeon, and saw 4 of its levels.

You collected 128 gold pieces.

Inventory:

Hand Weapons
 a - a +0 dagger
 o - a +0 short sword of venom
 t - a +4 dagger of electrocution (weapon)
Missiles
 b - 110 stones
Magical Staves
 e - a staff of earth
Jewellery
 l - a ring of protection from cold (left tentacle)
Wands
 s - a wand of acid (3)
Scrolls
 c - 2 scrolls of identify {unknown}
 d - 2 scrolls of fear {unknown}
 f - a scroll of amnesia {unknown}
 h - a scroll of brand weapon {unknown}
 i - a scroll of enchant weapon {unknown}
 j - a scroll of acquirement {unknown}
 k - 4 scrolls of teleportation {unknown}
 m - 2 scrolls of magic mapping {unknown}
Potions
 g - 2 potions of haste {unknown}
 n - a potion of lignification {unknown}
 p - a potion of resistance {unknown}
 q - a potion of magic {unknown}
 r - 2 potions of ambrosia {unknown}
 u - a potion of curing {unknown}


   Skills:
 - Level 2.0 Dodging
 + Level 4.7 Stealth
 + Level 3.1 Spellcasting
 + Level 2.8 Transmutations
 + Level 4.0 Earth Magic


You had 9 spell levels left.
You knew the following spells:

 Your Spells              Type           Power      Damage    Failure   Level
a - Sandblast             Erth           34%        2d9       3%          1

Your spell library contained the following spells:

 Spells                   Type           Power      Damage    Failure   Level
 Passwall                 Tmut/Erth      12%        N/A       6%          2
 Freeze                   Ice            8%         1d3       16%         1
 Stone Arrow              Conj/Erth      20%        3d8       22%         3
 Corpse Rot               Necr/Air       N/A        N/A       24%         2
 Poisonous Vapours        Pois/Air       4%         N/A       24%         2
 Slow                     Hex            2%         N/A       24%         2
 Petrify                  Tmut/Erth      15%        N/A       36%         4
 Confusing Touch          Hex            2%         N/A       43%         3
 Frozen Ramparts          Ice            4%         1d2       43%         3
 Hailstorm                Conj/Ice       2%         3d3       85%         4
 Yara's Violent Unravell  Hex/Tmut       3%         3d4       94%         5
 Freezing Cloud           Conj/Ice/Air   1%         6-21      99%         5


Dungeon Overview and Level Annotations

Branches:
Dungeon (4/15)
 Temple: D:4-7

Altars:
Hepliaklqana
Trog

Shops:
D:1 *

Annotations:
D:3 2 transporters, knorpule3000's ghost, amateur HuMo


Innate Abilities, Weirdness & Mutations

You cannot wear most types of armour.
You are amphibious.
You can wear up to eight rings at the same time.
Your skin changes colour to match your surroundings (Stealth+).
Your rubbery body absorbs attacks. (AC +1, EV +1)
((You are camouflaged near water. (Stealth+)))
You have tentacles for arms and can constrict up to eight enemies at once.


Message History

The blast of sand hits the gnoll!
You kill the gnoll!
The gnoll misses you.
Your Earth Magic skill increases to level 4!
Casting: Sandblast (safe; 3% risk of failure)
Confirm with . or Enter, or press ? or * to list all spells.
Aiming: Sandblast (safe; 3% risk of failure)
Press: ? - help, Shift-Dir - straight line, f - gnoll
Aim: a gnoll, wielding a +0 whip (82% to hit)
The blast of sand hits the gnoll!
You kill the gnoll!
A gnoll comes into view. It is wielding a +0 spear.
Casting: Sandblast (safe; 3% risk of failure)
Confirm with . or Enter, or press ? or * to list all spells.
Aiming: Sandblast (safe; 3% risk of failure)
Press: ? - help, Shift-Dir - straight line, f - rat
Aim: a rat (79% to hit)
The blast of sand hits the rat!
You kill the rat!
The gnoll hits you from afar with a +0 spear!
Casting: Sandblast (safe; 3% risk of failure)
Confirm with . or Enter, or press ? or * to list all spells.
Aiming: Sandblast (safe; 3% risk of failure)
Press: ? - help, Shift-Dir - straight line, f - gnoll
Aim: a gnoll, wielding a +0 flail (82% to hit)
The blast of sand hits the gnoll.
The gnoll is moderately wounded.
The gnoll hits you with a +0 flail.
The gnoll hits you from afar with a +0 spear.
Casting: Sandblast (safe; 3% risk of failure)
Confirm with . or Enter, or press ? or * to list all spells.
Aiming: Sandblast (safe; 3% risk of failure)
Press: ? - help, Shift-Dir - straight line, f/p - gnoll
Aim: a gnoll, wielding a +0 flail (moderately wounded, 82% to hit)
The blast of sand hits the gnoll.
The gnoll is severely wounded.
The gnoll hits you with a +0 flail!
* * * LOW HITPOINT WARNING * * *
The gnoll hits you from afar with a +0 spear.
You die...

..# ... ##.....#########
### .#.# ##.............
# ....# #..≈≈≈≈≈≈≈≈..#
#.#. ### #.≈.§§§...≈..#
...# #.≈.§≈§≈≈.≈..# ...
######.≈.≈.§.≈.≈..# ..
...##.≈.≈._...≈..#
#.###.#..≈.§...≈.≈..#
#..g@....≈.≈≈≈≈≈.≈..#
#.....g##.#..≈.......≈.##
##.##.# #.#..≈≈≈≈≈≈≈≈≈.#
#. #.##...........# .
..###.######..## .. ###
># #.## ## .# #.# #.#
#.####


You could see 2 gnolls.

Vanquished Creatures
  A scorpion (D:3)
  Robin (D:3)
  2 gnolls (D:3)
  3 adders (D:3)
  2 worms (D:3)
  2 orcs
  5 bats
  3 endoplasms
  A giant cockroach (D:3)
  15 goblins
  10 hobgoblins
  10 ball pythons
  2 frilled lizards (D:1)
  8 kobolds
  10 rats
75 creatures vanquished.

Vanquished Creatures (others)
  2 fungi (D:1)
2 creatures vanquished.

Grand Total: 77 creatures vanquished

Notes
Turn   | Place    | Note
-------+----------+-------------------------------------------
     0 | D:1      | Atelerd the Octopode Earth Elementalist began the quest for
                  | the Orb.
     0 | D:1      | Reached XP level 1. HP: 11/11 MP: 3/3
   155 | D:1      | Reached XP level 2. HP: 17/17 MP: 5/5
   408 | D:1      | Found Idyupihy's Assorted Antiques.
   623 | D:1      | Found a faded altar of an unknown god.
  1230 | D:1      | Reached XP level 3. HP: 21/21 MP: 6/6
  2285 | D:3      | Found a hazy altar of Hepliaklqana.
  2324 | D:3      | Found a transporter.
  2585 | D:3      | Reached XP level 4. HP: 17/27 MP: 7/7
  2849 | D:3      | You fall into a shaft and drop 1 floor!
  3066 | D:3      | Found a transporter.
  3144 | D:3      | Found a bloodstained altar of Trog.
  3371 | D:3      | Noticed knorpule3000's ghost (amateur HuMo)
  3462 | D:3      | Noticed Robin
  3468 | D:3      | Killed Robin
  3491 | D:3      | Reached XP level 5. HP: 12/31 MP: 4/9
  3840 | D:3      | Slain by a gnoll

Illustrated notes

Levels and vault maps discovered:
D:1:      shiori_arrival_oz, layout_loops_ring,
          shapermc_ecumenical_altar_mp_urbaneastern, serial_shops, shop
D:2:      layout_basic
D:3:      layout_loops_corners, mainiacjoe_overflow_concentric_impassable,
          mainiacjoe_overflow_six_doors_small, gammafunk_ghost_arena,
          minmay_snake_closets, uniq_robin
D:4:      layout_basic, minmay_temple_entry_mist, st_stairs_6,
          minmay_mini_ossuary

Skill      XL: |  1  2  3  4  5 |
---------------+----------------+-----
Stealth        | 3 4 |  4.7
Transmutations | 2 |  2.8
Spellcasting   | 3 |  3.1
Earth Magic    | 4 |  4.0
Dodging        | |  2.0

Action                   |  1- 3 |  4- 6 || total
-------------------------+-------+-------++-------
Melee: Dagger            |    69 |    30 ||    99
       Constrict         |    24 |     9 ||    33
       Unarmed           |     2 |       ||     2
       Tentacles         |    13 |     4 ||    17
       Short sword       |    14 |    10 ||    24
 Cast: Sandblast         |    17 |    12 ||    29
 Stab: Sleeping          |    14 |     3 ||    17
Armor: Skin              |     3 |     2 ||     5
Dodge: Dodged            |    56 |    17 ||    73
